 Dungeon Crawl Stone Soup version 0.30.1-4-g462c640d31 (webtiles) character file.

Game seed: 9853454724732809946

288 arthad the Shield-Bearer (level 6, -1/50 HPs)
             Began as a Formicid Fighter on Aug 26, 2023.
             Slain by a gnoll
             ... wielding a +0 flail
             ... led by a gnoll bouda
              (8 damage)
             ... on level 3 of the Dungeon.
             The game lasted 00:02:48 (2497 turns).

arthad the Shield-Bearer (Formicid Fighter)         Turns: 2497, Time: 00:02:49

Health: -1/50      AC:  7    Str: 22    XL:     6   Next: 57%
Magic:  6/6        EV:  9    Int:  8    God:
Gold:   107        SH:  5    Dex: 13    Spells: 5/5 levels left

rFire   . . .        a - +0 war axe
rCold   . . .        c - +0 buckler
rNeg    . . .        b - +0 scale mail
rPois   .            (helmet unavailable)
rElec   .            (no cloak)
rCorr   .            (no gloves)
SInv    +            (no boots)
Will    .....        (no amulet) Stlth
                     (no ring)
HPRegen 0.28/turn    (no ring)
MPRegen 0.10/turn

%: no passive effects
@: no status effects
A: permanent stasis, dig shafts and tunnels, antennae 3, four strong arms
a: Dig, Shaft Self


You were on level 3 of the Dungeon.
You visited 1 branch of the dungeon, and saw 3 of its levels.

You collected 107 gold pieces.

Inventory:

Hand Weapons
 a - a +0 war axe (weapon)
 q - a +1 sling of electrocution
Missiles
 i - 4 curare-tipped darts
Armour
 b - a +0 scale mail (worn)
 c - a +0 buckler (worn)
Wands
 o - a wand of iceblast (6)
Scrolls
 g - 3 scrolls of enchant weapon {unknown}
 h - 3 scrolls of identify {unknown}
 l - a scroll of vulnerability {unknown}
 m - 2 scrolls of teleportation {unknown}
 r - a scroll of enchant armour {unknown}
Potions
 d - 3 potions of might
 e - a potion of heal wounds {unknown}
 f - 2 potions of mutation {unknown}
 j - a potion of magic {unknown}
 k - a potion of cancellation {unknown}
 n - a potion of curing {unknown}
 p - a potion of lignification {unknown}


   Skills:
 + Level 4.8 Fighting
 + Level 3.5 Axes
 + Level 4.6 Armour
 + Level 5.7 Shields


You had 5 spell levels left.
You didn't know any spells.
Your spell library contained the following spells:

 Spells                   Type           Power      Damage    Failure   Level
 Volatile Blastmotes      Fire/Tloc      0%         2d10      98%         3
 Fulminant Prism          Conj/Hex       0%         3d5       100%        4
 Iskenderun's Mystic Bla  Conj/Tloc      0%         2d3       100%        4
 Lee's Rapid Deconstruct  Erth           0%         3d4*      100%        5


Dungeon Overview and Level Annotations

Branches:
Dungeon (3/15)

Altars:
Fedhas


Innate Abilities, Weirdness & Mutations

You cannot be hasted, slowed, berserked, paralysed or teleported.
You can dig through walls and to a lower floor.
You have a pair of large antennae on your head. (SInv)
Your four strong arms can wield two-handed weapons with a shield.


Message History

You are too injured to fight recklessly!
You are too injured to fight recklessly!
You are too injured to fight recklessly!
You are too injured to fight recklessly!
You are too injured to fight recklessly!
You are too injured to fight recklessly!
You are too injured to fight recklessly!
You are too injured to fight recklessly!
You are too injured to fight recklessly!
You are too injured to fight recklessly!
You are too injured to fight recklessly!
You are too injured to fight recklessly!
You are too injured to fight recklessly!
You barely miss the gnoll. The gnoll closely misses you.
The gnoll hits you with a +0 spear. The gnoll barely misses you.
You hit the gnoll but do no damage. You closely miss the gnoll.
You block the gnoll's attack. The gnoll hits you but does no damage.
You barely miss the gnoll. You hit the gnoll but do no damage.
The gnoll hits you but does no damage. The gnoll closely misses you.
You hit the gnoll but do no damage. You hit the gnoll.
The gnoll hits you but does no damage. The gnoll hits you with a +0 flail. x2
The gnoll closely misses you.
You closely miss the gnoll. You hit the gnoll.
The gnoll hits you but does no damage. The gnoll closely misses you.
You hit the gnoll.
The gnoll is moderately wounded.
You hit the gnoll. The gnoll barely misses you. x2
You block the gnoll's attack. x2
You slash the gnoll!
You kill the gnoll!
You barely miss the gnoll. The gnoll hits you with a +0 flail!
* * * LOW HITPOINT WARNING * * *
You closely miss the gnoll.
The gnoll is heavily wounded.
The gnoll hits you with a +0 flail.
* * * LOW HITPOINT WARNING * * *
You closely miss the gnoll.
The gnoll is heavily wounded.
The gnoll hits you with a +0 flail!
You die...

#######...######.#
#.........######. {
#........).....).
#.....#..........
#####.#.........#
###..#.........# #
#)!.##.........#
#.##)####.........#
#.g@)# ###########
#.#### .. ##


You could see a gnoll.

Vanquished Creatures
  A gnoll bouda (D:3)
  Jessica (D:3)
  Natasha (thrice) (D:3)
  2 adders
  6 gnolls
  A shadow imp (D:3)
  2 dart slugs
  2 orcs (D:3)
  5 ball pythons
  10 endoplasms
  2 goblins (D:1)
  8 hobgoblins
  3 jackals (D:3)
  3 quokkas
  11 bats
  4 frilled lizards
  4 kobolds
  4 rats
72 creatures vanquished.

Notes
Turn   | Place    | Note
-------+----------+-------------------------------------------
     0 | D:1      | arthad the Formicid Fighter began the quest for the Orb.
     0 | D:1      | Reached XP level 1. HP: 18/18 MP: 1/1
   111 | D:1      | Reached XP level 2. HP: 24/24 MP: 2/2
   231 | D:1      | Found a faded altar of an unknown god.
   231 | D:1      | Noticed a floating eye
   258 | D:1      | Reached XP level 3. HP: 29/30 MP: 3/3
   262 | D:1      | Noticed a shining eye
   262 | D:1      | Noticed an eye of devastation
   262 | D:1      | Noticed an eye of devastation
  1067 | D:2      | Reached XP level 4. HP: 37/37 MP: 4/4
  1718 | D:3      | Noticed Natasha
  1722 | D:3      | Killed Natasha
  1723 | D:3      | Reached XP level 5. HP: 37/42 MP: 5/5
  1749 | D:3      | Found a blossoming altar of Fedhas.
  1759 | D:3      | Reached skill level 5 in Shields
  1798 | D:3      | Noticed Natasha
  1806 | D:3      | Killed Natasha
  1889 | D:3      | Noticed Natasha
  1901 | D:3      | Killed Natasha
  2165 | D:3      | Reached XP level 6. HP: 32/49 MP: 6/6
  2464 | D:3      | Noticed Jessica
  2468 | D:3      | Killed Jessica
  2497 | D:3      | Slain by a gnoll

Illustrated notes

Levels and vault maps discovered:
D:1:      dpeg_arrival_pond, layout_loops_ring,
          hellmonk_ecumenical_altar_watching_god, dreamdust_princess_bridge
D:2:      layout_basic
D:3:      layout_basic, old_standard_altar, chequers_serial_rivers_room_a,
          uniq_natasha, uniq_jessica

Skill      XL: |  1  2  3  4  5 |
---------------+----------------+-----
Fighting       | 4 |  4.8
Armour         | 4 |  4.6
Shields        | 5 |  5.7
Axes           | 3 |  3.5

Action                     |  1- 3 |  4- 6 || total
---------------------------+-------+-------++-------
  Melee: War axe           |    87 |   121 ||   208
    Use: Potion            |       |     1 ||     1
 Armour: Scale mail        |    38 |    46 ||    84
  Dodge: Dodged            |    46 |    72 ||   118
  Block: Buckler           |    12 |    31 ||    43
